 Dungeon Crawl Stone Soup version 0.23.2-1-ga50397a (webtiles) character file.

Game seed: 17548434713723086173

554837 Kairos the Imperceptible (level 26, 0/136 HPs)
             Began as a Vine Stalker Assassin on Apr 24, 2019.
             Was an Elder of Uskayaw.
             Slain by a hell knight
             ... wielding a +1 glaive
              (13 damage)
             ... in the Vestibule of Hell on Apr 25, 2019.
             The game lasted 03:38:21 (53320 turns).

Kairos the Imperceptible (Vine Stalker Assassin)   Turns: 53320, Time: 03:38:24

Health: 0/136      AC: 20    Str: 28    XL:     26   Next: 44%
Magic:  0/41       EV: 23    Int: 14    God:    Uskayaw [****..]
Gold:   1319       SH: 36    Dex: 27    Spells: 40/52 levels left

rFire    + + +     SeeInvis +   y - +6 dagger (holy)
rCold    x . .     Gourm    .   s - +10 large shield of the Equinox {*Contam rCorr SInv Stlth+}
rNeg     + + .     Faith    +   l - +2 fire dragon scales
rPois    .         Spirit   +   (helmet restricted)
rElec    +         Reflect  .   b - scarf {repulsion}
rCorr    +         Harm     .   Z - +2 pair of gloves {Str+3}
MR       +++..                  e - +2 pair of boots {run}
Stlth    +++++++++.             x - amulet of Modesty {Faith +Fly rElec rN++ Dex-3}
HPRegen  1.12/turn              Y - ring of Poisem Utwo {+Inv rF+ Int+3 Dex+4 Slay-3}
MPRegen  0.27/turn              o - +5 ring of strength

@: repel missiles, quick
A: antennae 1, fangs 3, hooves 1, thin skeletal structure 2, regeneration 2,
electricity resistance, magic shield, antimagic bite, no potion heal 3, rot
immunity
}: 3/15 runes: decaying, serpentine, silver
a: Stomp, Line Pass, Renounce Religion, Evoke Invisibility, Evoke Flight


You were in the Vestibule of Hell.
You worshipped Uskayaw.
Uskayaw was most pleased with you.
You were full.

You visited 11 branches of the dungeon, and saw 47 of its levels.
You also visited: Gauntlet and Ice Cave.

You collected 7697 gold pieces.
You spent 6378 gold pieces at shops.

Inventory:

Hand Weapons
 q - a +9 dagger of freezing
 y - a +6 dagger of holy wrath (weapon)
 z - a +0 quick blade
 X - the +12 Vampire's Tooth {vamp}
   (You bought it in a shop on level 3 of the Vaults)

   It inflicts no extra harm, but heals its wielder when it wounds a living foe.
Missiles
 N - 3 silver javelins (quivered)
Armour
 b - a scarf of repulsion (worn)
 d - a +1 cloak of invisibility
 e - a +2 pair of boots of running (worn)
 l - +2 fire dragon scales (worn)
 m - +6 pearl dragon scales
 s - the +10 large shield of the Equinox (worn) {*Contam rCorr SInv Stlth+}
   (You took it off Louise on level 1 of the Swamp)

   It lets you see invisible.
   It causes magical contamination when unequipped.
   It provides partial protection from all sources of acid and corrosion.
   It makes you more stealthy.
 Z - a +2 pair of gloves of strength (worn)
Jewellery
 o - a +5 ring of strength (right hand)
 u - a +6 ring of dexterity
 x - the amulet of Modesty (around neck) {Faith +Fly rElec rN++ Dex-3}
   (You found it on level 5 of the Vaults)

   [amulet of faith]

   It allows you to gain divine favour quickly.
   It affects your dexterity (-3).
   It insulates you from electricity.
   It greatly protects you from negative energy.
   It lets you fly.
 U - an uncursed ring of poison resistance
 V - the ring of the Mage {Wiz MR++ Int+3}
   (You bought it in a shop on level 10 of the Dungeon)

   [ring of wizardry]

   It improves your spell success rate.
   It affects your intelligence (+3).
   It affects your resistance to hostile enchantments.
 W - an uncursed ring of protection from fire
 Y - the ring of Poisem Utwo (left hand) {+Inv rF+ Int+3 Dex+4 Slay-3}
   (You took it off a deep elf annihilator on level 3 of the Elven Halls)

   [ring of protection from fire]

   It affects your intelligence (+3).
   It affects your dexterity (+4).
   It affects your accuracy and damage with ranged weapons and melee attacks
   (-3).
   It protects you from fire.
   It lets you turn invisible.
Wands
 c - a wand of clouds (11)
 f - a wand of paralysis (8)
 j - a wand of scattershot (14)
 w - a wand of flame (65)
 D - a wand of digging (8)
 M - a wand of disintegration (44)
 P - a wand of iceblast (34)
 Q - a wand of acid (14)
Scrolls
 a - 5 scrolls of identify
 h - 7 scrolls of teleportation
 i - 3 scrolls of enchant weapon
 n - 22 scrolls of remove curse
 t - 11 scrolls of fog
 C - 2 scrolls of holy word
 G - a scroll of summoning
 J - 5 scrolls of fear
 L - 7 scrolls of magic mapping
 O - a scroll of silence
 R - 8 scrolls of immolation
 T - 6 scrolls of blinking
Potions
 k - 6 potions of agility
 r - 3 potions of resistance
 v - 11 potions of curing
 A - 10 potions of flight
 B - 14 potions of lignification
 E - 5 potions of invisibility
 F - 4 potions of brilliance
 H - 2 potions of haste
 I - 2 potions of magic
 K - 3 potions of cancellation
 S - 11 potions of might
Miscellaneous
 p - 4 phantom mirrors
Comestibles
 g - 59 rations


   Skills:
 + Level 13.0 Fighting
 - Level 10.0 Short Blades
 + Level 3.8 Throwing
 + Level 10.4 Armour
 + Level 13.2 Dodging
 + Level 22.3 Stealth
 + Level 21.6 Shields
 * Level 13.7 Spellcasting
 + Level 0.1 Hexes
 - Level 7.6 Charms
 - Level 7.1 Necromancy
 * Level 16.3 Invocations
 - Level 3.0 Evocations


You had 40 spell levels left.
You knew the following spells:

 Your Spells              Type           Power        Failure   Level  Hunger
a - Confusing Touch       Hex            ##....       22%         1    None
b - Regeneration          Chrm/Necr      ####......   3%          3    None
c - Controlled Blink      Tloc           N/A          100%        8    #######

Your spell library contained the following spells:

 Spells                   Type           Power        Failure   Level  Hunger
 Animate Skeleton         Necr           N/A          1%          1    None
 Infusion                 Chrm           ####         1%          1    None
 Pain                     Necr           ####         1%          1    None
 Song of Slaying          Chrm           ####....     1%          2    None
 Vampiric Draining        Necr           ####......   3%          3    None
 Shroud of Golubria       Chrm/Tloc      ###.......   8%          2    None
 Swiftness                Chrm/Air       ###.....     8%          2    None
 Animate Dead             Necr           N/A          13%         4    ##.....
 Ozocubu's Armour         Chrm/Ice       ###.....     14%         3    None
 Spectral Weapon          Hex/Chrm       ###.....     14%         3    None
 Apportation              Tloc           #.....       24%         1    None
 Flame Tongue             Conj/Fire      #....        24%         1    None
 Magic Dart               Conj           #...         24%         1    None
 Sandblast                Erth           #.....       24%         1    None
 Summon Butterflies       Summ           #.......     24%         1    None
 Summon Small Mammal      Summ           #...         24%         1    None
 Blink                    Tloc           N/A          34%         2    None
 Call Imp                 Summ           #.......     34%         2    None
 Ensorcelled Hibernation  Hex/Ice        #.....       34%         2    None
 Passwall                 Tmut/Erth      #.......     34%         2    None
 Searing Ray              Conj           #.....       34%         2    None
 Throw Flame              Conj/Fire      #.....       34%         2    None
 Agony                    Necr           ####....     34%         5    #####..
 Dispel Undead            Necr           ####....     34%         5    #####..
 Confuse                  Hex            ##......     54%         3    None
 Tukima's Dance           Hex            ##......     54%         3    None
 Call Canine Familiar     Summ           #.......     56%         3    None
 Conjure Flame            Conj/Fire      #.......     56%         3    None
 Dazzling Spray           Conj/Hex       #.....       56%         3    None
 Gell's Gravitas          Tloc           #.........   56%         3    None
 Inner Flame              Hex/Fire       #.......     56%         3    None
 Lesser Beckoning         Tloc           #.........   56%         3    None
 Portal Projectile        Hex/Tloc       #.....       56%         3    None
 Recall                   Summ/Tloc      N/A          56%         3    None
 Spider Form              Tmut/Pois      #.........   56%         3    None
 Static Discharge         Conj/Air       #.......     56%         3    None
 Stone Arrow              Conj/Erth      #.....       56%         3    None
 Summon Guardian Golem    Hex/Summ       #.......     56%         3    None
 Teleport Other           Tloc           #.......     56%         3    None
 Iskenderun's Battlesphe  Conj/Chrm      ###.....     80%         5    #####..
 Borgnjor's Vile Clutch   Necr/Erth      ###.......   83%         5    #####..
 Fulminant Prism          Conj/Hex       #.........   92%         4    ##.....
 Leda's Liquefaction      Hex/Erth       #.........   92%         4    ##.....
 Force Lance              Conj/Tloc      #.......     93%         4    ##.....
 Iskenderun's Mystic Bla  Conj           #.......     93%         4    ##.....
 Olgreb's Toxic Radiance  Pois           #.......     93%         4    ##.....
 Passage of Golubria      Tloc           N/A          93%         4    ##.....
 Petrify                  Tmut/Erth      #.......     93%         4    ##.....
 Sticky Flame             Conj/Fire      #.......     93%         4    ##.....
 Summon Ice Beast         Ice/Summ       #.......     93%         4    ##.....
 Summon Lightning Spire   Summ/Air       #.......     93%         4    ##.....
 Throw Icicle             Conj/Ice       #.......     93%         4    ##.....
 Metabolic Englaciation   Hex/Ice        #.........   99%         5    #####..
 Silence                  Hex/Air        #.........   99%         5    #####..
 Summon Mana Viper        Hex/Summ       #.......     99%         5    #####..
 Yara's Violent Unravell  Hex/Tmut       #.........   99%         5    #####..
 Alistair's Intoxication  Tmut/Pois      #.......     100%        5    #####..
 Aura of Abjuration       Summ           #.........   100%        5    #####..
 Bolt of Magma            Conj/Fire/Erth #.........   100%        5    #####..
 Fireball                 Conj/Fire      #.........   100%        5    #####..
 Irradiate                Conj/Tmut      #.........   100%        5    #####..
 Lee's Rapid Deconstruct  Erth           #.........   100%        5    #####..
 Lightning Bolt           Conj/Air       #.........   100%        5    #####..
 Summon Demon             Summ           #.........   100%        5    #####..
 Summon Forest            Summ/Tloc      #.........   100%        5    #####..
 Bolt of Fire             Conj/Fire      #.........   100%        6    ######.
 Darkness                 Hex            ##........   100%        6    ######.
 Dispersal                Tloc           #.........   100%        6    ######.
 Hydra Form               Tmut           #.........   100%        6    ######.
 Invisibility             Hex            ##......     100%        6    ######.
 Iron Shot                Conj/Erth      #.........   100%        6    ######.
 Ozocubu's Refrigeration  Ice            #.........   100%        6    ######.
 Shadow Creatures         Summ           N/A          100%        6    ######.
 Statue Form              Tmut/Erth      #........    100%        6    ######.
 Dragon Form              Tmut           #.........   100%        7    #######
 Malign Gateway           Summ/Tloc      #.........   100%        7    #######
 Summon Hydra             Summ           #.........   100%        7    #######
 Disjunction              Tloc           #.........   100%        8    #######
 Ignition                 Fire           #.........   100%        8    #######
 Shatter                  Erth           #.........   100%        9    #######
 Tornado                  Air            #.........   100%        9    #######


Dungeon Overview and Level Annotations

Branches:
Dungeon (15/15)            Temple (1/1) D:4            Lair (6/6) D:9
  Swamp (4/4) Lair:4        Snake (4/4) Lair:2        Slime (0/5) Lair:6
    Orc (2/2) D:10            Elf (3/3) Orc:2        Vaults (5/5) D:14
  Crypt (3/3) Vaults:3       Tomb (0/3) Crypt:3      Depths (3/5) D:15
   Hell (1/1)
    Dis: Hell:1         Geh: Hell:1         Coc: Hell:1         Tar: Hell:1

Altars:
Ashenzari
Cheibriados
Dithmenos
Gozag
Hepliaklqana
Makhleb
Qazlal
Trog
Uskayaw
Wu Jian
Xom
Yredelemnul
Zin
The Shining One
Beogh
Lugonu

Shops:
D:7 *   D:8 (   D:9 [   D:10 =(=(   Orc:2 }!(%   Snake:1 :   Snake:2 ?**
Vaults:3 [(!

Portals:
Hell: Depths:1 Depths:2 Depths:3
Abyss: Crypt:2
Pandemonium: Orc:2 Depths:3
Ziggurat: Depths:2
Bazaar: Depths:1

Annotations:
Elf:2 2 runed translucent doors
Vaults:2 Mennas
Crypt:1 2 transporters, Houmnergh's ghost, master GnTm
Depths:2 1 runed translucent door
Hell Geryon


Innate Abilities, Weirdness & Mutations

You have razor-sharp teeth.
You heal very quickly.
When hurt, damage is shared between your health and your magic reserves.
Your bite disrupts and absorbs the magic of your enemies.
Potions cannot restore your health.
You are immune to rotting.
You have a pair of small antennae on your head.
You have large cloven feet.
You have a moderately thin skeletal structure. (Dex +4, Stealth+)
You are resistant to electric shocks. (rElec)


Message History

Geryon barely misses you. You block the fire elemental's attack.
You block the hell beast's attack. The hell beast closely misses you.
The hell beast bites you. The hell beast misses you.
The reaper hits you from afar with a +0 scythe of protection!!
The hell knight hits you from afar with a +2 demon trident of pain!!
You writhe in agony.
The hell knight barely misses you.
You block the hell beast's attack. x3; The hell beast tramples you!
* * * LOW HITPOINT WARNING * * *
You hold your ground!
You block the hell beast's attack. The hell beast closely misses you.
The fire elemental misses you. The hell beast closely misses you.
The hell beast tramples you!
* * * LOW HITPOINT WARNING * * *
You hold your ground!
The soul eater draws from the surrounding life force!
* * * LOW HITPOINT WARNING * * *
The reaper draws a finger across its throat.
The hell knight hits you with a +4 demon whip of slashing!
* * * LOW HITPOINT WARNING * * *
x2 The hell knight hits you from afar with a +1 glaive!!
You die...

##.. ..##
##...#...##
##.........##
##...........##
#..#.......#..#
......p2.......
...2.rpp2p.....
..3..p2@2......
.....&23E......
......r.2......
#..#.......#..#
##...........##
##.........##
##...#...##
##.. ..##


You could see Geryon, 4 hell beasts, 2 reapers, a blizzard demon, 4 hell
knights, 2 soul eaters, a necromancer (invisible), a fire elemental and 2 hell
rats.

Vanquished Creatures
  An ancient lich (Crypt:3)
  Bai Suzhen (Crypt:3)
  Margery (Depths:3)
  A golden dragon (Vaults:5)
  2 bone dragons (Crypt:3)
  Nikola (Swamp:4)
  5 liches
  A shard shrike skeleton (Crypt:1)
  Jorgrun (Elf:2)
  The ghost of DungeonDestroyer the Warrior, an adept MiFi of Okawaru (Snake:4)
  4 tentacled monstrosities
  A quicksilver dragon (Vaults:5)
  2 titans
  2 deep elf master archers (Elf:3)
  3 deep elf blademasters
  4 tengu reavers (Vaults:5)
  4 ancient champions (Crypt:3)
  3 storm dragons
  2 thorn hunters
  6 sphinxes
  Roxanne (D:14)
  Kirke (Lair:4)
  Agnes (Snake:2)
  3 shadow dragons (Vaults:5)
  9 nagarajas
  A storm dragon (shapeshifter) (Gauntlet)
  6 frost giants
  20 vault wardens
  6 revenants
  4 deep elf sorcerers
  Louise (Swamp:1)
  5 ghouls (Crypt:3)
  The ghost of Aston the Fighter, an adept TeSu of Gozag (Snake:2)
  4 fire giants
  A cacodemon (Depths:1)
  2 iron dragons (Vaults:5)
  13 very ugly things
  4 deep elf elementalists
  2 reapers
  2 curse skulls
  16 ironheart preservers
  Nessos (D:14)
  An entropy weaver (Vaults:3)
  21 stone giants
  3 deep elf demonologists
  2 war gargoyles (Vaults:5)
  A dire elephant (Lair:6)
  A minotaur (Gauntlet)
  3 vampire knights (Crypt:1)
  Azrael (D:13)
  11 deep elf annihilators
  An eidolon (Crypt:1)
  13 ettins
  8 jiangshi
  10 deep elf death magi
  11 fire dragons
  7 ice dragons
  3 deep elf high priests
  18 ogre magi
  15 yaktaur captains
  Erolcha (D:9)
  3 quicksilver dragon skeletons (Crypt:3)
  9 great orbs of eyes
  17 hydras
  5 rakshasas
  14 centaur warriors
  27 vault guards
  A merfolk avatar (Lair:6)
  17 naga warriors
  9 anacondas
  3 shambling mangroves
  2 death knights
  9 alligators
  39 two-headed ogres
  2 spriggan air magi
  6 tengu warriors
  32 dancing weapons
  2 deep troll earth magi
  8 death yaks
  8 deep troll shamans
  8 orc high priests
  Urug (D:11)
  3 spriggan berserkers
  8 naga sharpshooters
  8 spriggans
  5 vampire magi
  A small abomination (Vaults:5)
  5 soul eaters
  7 shock serpents
  A storm dragon skeleton (Depths:1)
  2 sixfirhies
  2 sun demons (Depths:1)
  15 deep elf knights
  A spark wasp zombie (Crypt:1)
  7 iron trolls
  2 fire crabs (Swamp:4)
  A salamander mystic (Snake:4)
  4 shadow wraiths
  9 hell knights
  A golden dragon zombie (Crypt:1)
  A sea snake (shapeshifter) (Vaults:3)
  An unseen horror (D:13)
  13 sea snakes
  6 wizards
  A death drake (shapeshifter) (Elf:2)
  26 deep trolls
  58 skeletal warriors
  8 naga ritualists
  2 spriggan druids
  A glowing orange brain (shapeshifter) (Vaults:5)
  2 infernal demonspawn (Orc:2)
  A gelid demonspawn (Orc:2)
  3 glowing orange brains
  12 phantasmal warriors
  9 swamp dragons
  3 flayed ghosts
  A torturous demonspawn (Depths:3)
  15 deep elf archers
  10 ironbrand convokers
  4 lindwurms
  9 orc knights
  An obsidian statue (Snake:2)
  A shadow dragon zombie (Crypt:2)
  A harpy (Lair:6)
  57 deep elf magi
  2 wolf spider zombies
  A fire giant zombie (Depths:1)
  2 shadow dragon skeletons (Vaults:3)
  8 necromancers
  A stone giant zombie (Crypt:2)
  A tengu skeleton (Vaults:3)
  16 cyclopes
  7 orc sorcerers
  3 wolf spiders
  An orb spider (shapeshifter) (Vaults:3)
  6 salamanders
  A faun (Lair:5)
  A frost giant zombie (Crypt:2)
  7 mana vipers
  2 salamanders (shapeshifter)
  6 fire giant skeletons
  3 iron dragon skeletons
  4 stone giant skeletons
  10 elephants
  2 manticores
  52 ugly things
  Maurice (Orc:1)
  15 naga magi
  3 frost giant skeletons
  11 vault sentinels
  A rust devil (Orc:2)
  A spiny frog (shapeshifter) (Gauntlet)
  An eye of devastation (shapeshifter) (Vaults:5)
  A spectral shock serpent (Snake:4)
  An apocalypse crab (Gauntlet)
  11 guardian serpents
  2 ice statues (IceCv)
  40 black mambas
  2 dire elephant skeletons (Crypt:3)
  A torpor snail (Lair:5)
  27 spiny frogs
  A shock serpent skeleton (Crypt:3)
  Psyche (D:11)
  A smoke demon (Depths:3)
  43 yaktaurs
  An anaconda simulacrum (Snake:4)
  An efreet (D:14)
  4 ice devils
  7 freezing wraiths
  8 rime drakes
  A red devil (Orc:2)
  14 komodo dragons
  A grey draconian skeleton (Crypt:2)
  4 guardian mummies (Crypt:3)
  A red draconian skeleton (Crypt:1)
  2 yaktaur skeletons
  10 trolls
  3 meliai (Lair:4)
  A queen bee (Lair:4)
  A queen ant zombie (Crypt:1)
  A merfolk (shapeshifter) (Vaults:1)
  A jumping spider (Vaults:3)
  A wind drake (Lair:6)
  2 polar bears
  2 catoblepas skeletons (Crypt:3)
  5 tyrant leeches
  A blink frog (shapeshifter) (D:12)
  A death drake skeleton (Crypt:3)
  A harpy skeleton (Crypt:3)
  2 polar bears (shapeshifter)
  10 blink frogs
  A hydra skeleton (Crypt:3)
  8 bog bodies
  19 hornets
  5 dream sheep
  6 hippogriffs
  63 slime creatures
  2 spectral black mambas (Snake:4)
  An ice dragon zombie (Crypt:2)
  An alligator zombie (Crypt:2)
  A guardian serpent skeleton (Crypt:2)
  A hippogriff (shapeshifter) (Vaults:3)
  3 spectral nagas (Snake:4)
  An ettin skeleton (Vaults:3)
  3 redbacks (Vaults:3)
  9 flying skulls (Crypt:3)
  4 air elementals (Elf:1)
  9 shadows
  Sigmund (D:2)
  2 ice dragon skeletons
  8 wraiths
  A centaur simulacrum (D:15)
  5 wyverns
  51 yaks
  2 vampires (D:12)
  3 water elementals
  6 fire elementals
  2 hogs (Lair:4)
  7 humans (D:14)
  A basilisk (Lair:3)
  4 steam dragons (Swamp:4)
  15 vampire mosquitoes
  5 hungry ghosts
  4 wargs
  13 swamp worms
  A soldier ant (D:13)
  6 insubstantial wisps (Swamp:1)
  14 water moccasins
  A soldier ant (shapeshifter) (Vaults:3)
  61 nagas
  A spiny frog zombie (Crypt:2)
  2 acid dragons
  A water moccasin (shapeshifter) (Gauntlet)
  9 porcupines
  2 hell hounds (D:13)
  A two-headed ogre skeleton (Crypt:1)
  A floating eye (shapeshifter) (Vaults:5)
  2 floating eyes (Depths:2)
  A torturous demonspawn skeleton (Crypt:3)
  11 swamp drakes
  A faun skeleton (Crypt:2)
  22 ice beasts
  An ettin simulacrum (Crypt:2)
  30 orc warriors
  A sky beast (D:14)
  A hornet zombie (Crypt:3)
  2 black bears
  A merfolk skeleton (Crypt:2)
  A black mamba simulacrum (Snake:4)
  27 ogres
  2 necrophages
  28 wolves
  3 boggarts (Depths:2)
  2 eyes of draining (shapeshifter)
  2 phantoms
  3 eyes of draining (Depths:1)
  2 swamp dragon skeletons
  25 crocodiles
  A snapping turtle skeleton (Crypt:3)
  28 centaurs
  8 big kobolds
  Blork the orc (D:5)
  A komodo dragon zombie (Crypt:3)
  18 bullfrogs
  An earth elemental (Elf:1)
  An ogre simulacrum (Vaults:1)
  A wyvern skeleton (D:14)
  5 scorpions
  A warg skeleton (Crypt:2)
  46 killer bees
  A shapeshifter zombie (Crypt:1)
  5 wights (D:11)
  3 howler monkeys (D:13)
  7 crimson imps
  2 electric eels
  6 centaur zombies
  2 bullfrog zombies
  3 lava snakes
  10 hounds
  3 quasits (Depths:3)
  A yaktaur simulacrum (Vaults:1)
  3 jellies
  3 centaur skeletons
  24 orc priests
  3 bullfrog skeletons
  An iron imp (Depths:3)
  Jessica (D:2)
  A demonspawn skeleton (Crypt:2)
  3 iguanas
  7 worker ants
  Ijyb (D:5)
  Natasha (thrice) (D:2)
  18 orc wizards
  A naga simulacrum (Snake:4)
  A tengu simulacrum (Depths:1)
  A killer bee zombie (Crypt:1)
  An ogre skeleton (Crypt:2)
  A big kobold skeleton (Crypt:3)
  3 hound skeletons
  2 worker ant zombies
  8 gnolls
  14 adders
  A swamp drake skeleton (Crypt:1)
  9 shadow imps
  2 white imps (Depths:3)
  An ufetubus (Depths:3)
  An ooze (D:1)
  3 adder skeletons
  3 dart slugs
  9 leopard geckos
  90 orcs
  6 bats
  3 giant cockroaches
  5 goblins
  8 hobgoblins
  12 jackals
  63 kobolds
  4 quokkas (D:2)
  A ball python (D:2)
  3 frilled lizards
  2 leopard gecko skeletons
  A rat skeleton (Crypt:3)
  4 crawling corpses (Elf:3)
2238 creatures vanquished.

Vanquished Creatures (others)
  A deep elf demonologist (Elf:3)
  A vault guard (D:14)
  A deep elf knight (Elf:1)
  A deep elf mage (Elf:1)
  A yak (Depths:2)
  3 humans
  2 steam dragons (Swamp:4)
  2 nagas
  An orc warrior (Orc:2)
  A howler monkey (D:13)
  An orc priest (Orc:2)
  An orc (D:13)
  A demonic plant (Gauntlet)
  A fire vortex (Lair:2)
  18 fungi
  32 plants
68 creatures vanquished.

Grand Total: 2306 creatures vanquished

Notes
Turn   | Place    | Note
-------+----------+-------------------------------------------
     0 | D:1      | Kairos the Vine Stalker Assassin began the quest for the
                  | Orb.
     0 | D:1      | Reached XP level 1. HP: 11/11 MP: 2/2
    38 | D:1      | Reached skill level 5 in Stealth
   239 | D:1      | Reached XP level 2. HP: 12/15 MP: 3/3
   482 | D:1      | Reached XP level 3. HP: 9/18 MP: 4/4
   902 | D:2      | Reached skill level 1 in Dodging
   907 | D:2      | Noticed Natasha
   914 | D:2      | Killed Natasha
   914 | D:2      | Reached skill level 6 in Stealth
   914 | D:2      | Gained mutation: Your natural rate of healing is unusually
                  | fast. [Vine Stalker growth]
   914 | D:2      | Reached XP level 4. HP: 6/23 MP: 5/5
  1082 | D:2      | Reached skill level 1 in Armour
  1254 | D:2      | Reached XP level 5. HP: 26/26 MP: 6/6
  1290 | D:2      | Noticed Sigmund
  1314 | D:2      | Noticed Jessica
  1317 | D:2      | Killed Jessica
  1340 | D:2      | Killed Sigmund
  1340 | D:2      | Reached skill level 7 in Stealth
  1340 | D:2      | Reached XP level 6. HP: 17/30 MP: 4/7
  1597 | D:2      | Noticed Natasha
  1605 | D:2      | Killed Natasha
  1794 | D:2      | Noticed Natasha
  1808 | D:2      | Killed Natasha
  2238 | D:3      | Found an ornate altar of the Wu Jian Council.
  2304 | D:3      | Found a shattered altar of Ashenzari.
  2816 | D:3      | Found a glowing silver altar of Zin.
  3045 | D:4      | Reached XP level 7. HP: 32/35 MP: 6/8
  3145 | D:4      | Found a stormy altar of Qazlal.
  3146 | D:4      | Noticed a water elemental
  3148 | D:4      | Noticed an air elemental
  3148 | D:4      | Noticed a fire elemental
  3162 | D:4      | Found a staircase to the Ecumenical Temple.
  3166 | D:4      | Reached skill level 8 in Stealth
  3191 | Temple   | Entered the Ecumenical Temple
  3205 | Temple   | Became a worshipper of Uskayaw the Reveler
  3237 | D:4      | Reached * piety under Uskayaw
  3395 | D:4      | Reached ** piety under Uskayaw
  3443 | D:4      | Reached *** piety under Uskayaw
  3447 | D:4      | Reached **** piety under Uskayaw
  3603 | D:4      | Gained mutation: You have razor-sharp teeth. [Vine Stalker
                  | growth]
  3603 | D:4      | Reached XP level 8. HP: 39/39 MP: 7/9
  3611 | D:4      | Reached skill level 9 in Stealth
  3772 | D:4      | Found a basalt altar of Yredelemnul.
  3946 | D:5      | Entered Level 5 of the Dungeon
  4032 | D:5      | Learned a level 1 spell: Confusing Touch
  4052 | D:5      | Noticed Ijyb
  4059 | D:5      | Killed Ijyb
  4247 | D:5      | Noticed Blork the orc
  4255 | D:5      | Killed Blork the orc
  4652 | D:6      | Found a shadowy altar of Dithmenos.
  4781 | D:6      | Reached skill level 5 in Short Blades
  4781 | D:6      | Reached skill level 10 in Stealth
  4834 | D:6      | Reached XP level 9. HP: 42/44 MP: 10/10
  4851 | D:6      | Reached ***** piety under Uskayaw
  5379 | D:7      | Found Efacluc's Assorted Antiques.
  5387 | D:7      | Bought a dented brass amulet for 120 gold pieces
  5388 | D:7      | Bought a scroll labeled TOMEON ONUEVVE for 24 gold pieces
  5388 | D:7      | Bought a scroll labeled OFYLOU XUWIGIC for 24 gold pieces
  5388 | D:7      | Bought a scroll labeled ULUGIE EDUXT for 24 gold pieces
  6120 | D:8      | Found Nacaud's Weapon Boutique.
  6132 | D:8      | Bought a +0 antimagic short sword for 165 gold pieces
  6135 | D:8      | Noticed a two-headed ogre
  6334 | D:8      | Reached skill level 11 in Stealth
  6438 | D:8      | Killed a two-headed ogre
  6565 | D:9      | Noticed Erolcha
  6574 | D:9      | Killed Erolcha
  6574 | D:9      | Reached skill level 5 in Armour
  6574 | D:9      | Reached skill level 12 in Stealth
  6574 | D:9      | Reached XP level 10. HP: 47/49 MP: 11/11
  6908 | D:9      | Found a staircase to the Lair.
  6908 | D:9      | Noticed a death yak
  6910 | D:9      | Noticed a death yak
  7005 | D:9      | Noticed a death yak
  7233 | D:10     | Entered Level 10 of the Dungeon
  7233 | D:10     | Found a staircase to the Orcish Mines.
  7362 | D:10     | Reached skill level 1 in Shields
  7387 | D:10     | Reached ****** piety under Uskayaw
  7532 | D:10     | Found Jatyb's Antique Weapon Shoppe.
  7585 | D:10     | Reached XP level 11. HP: 47/54 MP: 8/12
  7605 | D:10     | Found Icsyamn's Antique Weapon Boutique.
  7632 | D:10     | Reached skill level 5 in Fighting
  7683 | D:10     | Reached skill level 13 in Stealth
  7743 | D:10     | Found Wyquch's Jewellery Emporium.
  7747 | D:10     | Found Rinomelo's Jewellery Boutique.
  8054 | Orc:1    | Entered Level 1 of the Orcish Mines
  8120 | Orc:1    | Noticed Maurice
  8193 | Orc:1    | Found a bloodstained altar of Trog.
  8242 | Orc:2    | Entered Level 2 of the Orcish Mines
  8327 | Orc:2    | Found a roughly hewn altar of Beogh.
  8388 | Orc:2    | Noticed an orc sorcerer
  8454 | Orc:2    | Found a roughly hewn altar of Beogh.
  8669 | Orc:1    | Killed Maurice
  8669 | Orc:1    | Reached skill level 14 in Stealth
  9047 | Orc:2    | Noticed an orc sorcerer
  9306 | Orc:2    | Killed an orc sorcerer
  9321 | Orc:2    | Found a staircase to the Elven Halls.
  9469 | D:10     | Bought an uncursed ring of poison resistance for 240 gold
                  | pieces
  9469 | D:10     | Bought an uncursed ring of see invisible for 180 gold
                  | pieces
  9539 | Lair:1   | Entered Level 1 of the Lair of Beasts
  9619 | Lair:1   | Reached skill level 1 in Evocations
 10464 | Lair:2   | Noticed a six-headed hydra
 10492 | Lair:2   | Killed a six-headed hydra
 10691 | Lair:2   | Reached skill level 15 in Stealth
 10735 | Lair:2   | Found a staircase to the Snake Pit.
 10745 | Lair:2   | Gained mutation: You heal very quickly. [Vine Stalker
                  | growth]
 10745 | Lair:2   | Reached XP level 12. HP: 38/60 MP: 9/13
 11471 | Lair:3   | Reached skill level 16 in Stealth
 11637 | Lair:3   | Found a frozen archway.
 11692 | IceCv    | Entered an ice cave
 11704 | IceCv    | Reached skill level 5 in Dodging
 12259 | IceCv    | Noticed an ice dragon
 12264 | IceCv    | Noticed an ice dragon
 12276 | IceCv    | Killed an ice dragon
 12276 | IceCv    | HP: 1/93 [ice dragon/blast of cold (27)]
 12281 | IceCv    | Killed an ice dragon
 12475 | Lair:3   | Reached XP level 13. HP: 65/65 MP: 15/15
 13098 | Lair:4   | Reached skill level 17 in Stealth
 13247 | Lair:4   | Found a staircase to the Swamp.
 13510 | Lair:4   | Identified a scroll of acquirement
 14134 | Lair:4   | Got a shimmering leather armour
 14156 | Lair:4   | Identified the +3 leather armour of Beyond {MR- Regen+
                  | Str+3 Int+5} (You found it on level 4 of the Lair of
                  | Beasts)
 14334 | Lair:5   | Reached skill level 18 in Stealth
 14657 | Lair:5   | Reached skill level 10 in Short Blades
 14716 | Lair:5   | Reached skill level 5 in Shields
 14748 | Lair:5   | Reached XP level 14. HP: 48/72 MP: 16/16
 14949 | Lair:5   | Reached skill level 1 in Invocations
 15400 | Lair:6   | Entered Level 6 of the Lair of Beasts
 15504 | Lair:6   | Reached skill level 19 in Stealth
 15745 | Lair:6   | Noticed a dire elephant
 15864 | Lair:6   | Killed a dire elephant
 15906 | Lair:6   | Found a staircase to the Slime Pits.
 16007 | Lair:6   | Paralysed by a hornet for 3 turns
 16188 | Lair:6   | Identified Mumutaj's Compendium of Stones and the Escort
 16927 | Swamp:1  | Entered Level 1 of the Swamp
 16947 | Swamp:1  | Noticed Kirke
 16981 | Lair:4   | Killed Kirke
 17410 | Swamp:1  | Reached skill level 20 in Stealth
 17449 | Swamp:1  | Reached XP level 15. HP: 77/77 MP: 19/19
 17494 | Swamp:1  | Identified the +10 large shield of the Equinox {*Contam
                  | rCorr SInv Stlth+}
 17494 | Swamp:1  | Noticed Louise
 17497 | Swamp:1  | Killed Louise
 18412 | Swamp:2  | Noticed a thorn hunter
 18424 | Swamp:2  | Killed a thorn hunter
 18424 | Swamp:2  | Reached skill level 5 in Invocations
 20008 | Swamp:3  | Noticed a tentacled monstrosity
 20029 | Swamp:3  | Killed a tentacled monstrosity
 20214 | Swamp:4  | Entered Level 4 of the Swamp
 20257 | Swamp:4  | Noticed Nikola
 20301 | Swamp:4  | Reached XP level 16. HP: 79/82 MP: 22/22
 20547 | Swamp:3  | Learned a level 3 spell: Regeneration
 20573 | Swamp:4  | Killed Nikola
 20655 | Swamp:4  | Got a decaying rune of Zot
 20857 | Swamp:4  | Noticed a thorn hunter
 20882 | Swamp:4  | Killed a thorn hunter
 21254 | Snake:1  | Entered Level 1 of the Snake Pit
 21578 | Snake:1  | Found Bofaarru's Book Emporium.
 21735 | Snake:1  | Reached skill level 10 in Shields
 22006 | Snake:2  | Gained mutation: Your spells are a little easier to cast,
                  | but a little less powerful. [potion of mutation]
 22006 | Snake:2  | Gained mutation: Your body sometimes deteriorates upon
                  | taking damage. [potion of mutation]
 22006 | Snake:2  | Gained mutation: You possess an exceptional clarity of
                  | mind. [potion of mutation]
 22034 | Snake:2  | Found Ytwaofel's Magic Scroll Emporium.
 22051 | Snake:2  | Bought a scroll of acquirement for 780 gold pieces
 22091 | Snake:2  | Reached XP level 17. HP: 70/88 MP: 24/24
 22328 | Snake:2  | Noticed Agnes
 22335 | Snake:2  | Killed Agnes
 22435 | Snake:2  | Found a runed translucent gate.
 22435 | Snake:2  | Found a runed translucent gate.
 22435 | Snake:2  | Found a runed translucent gate.
 22437 | Snake:2  | Found an opulent altar of Gozag.
 22437 | Snake:2  | Found Seixuylu's Assorted Antiques.
 22439 | Snake:2  | Found Dimm's Assorted Antiques.
 22440 | Snake:2  | Noticed Aston's ghost (adept TeSu)
 22500 | Snake:2  | Killed Aston's ghost
 22615 | Snake:2  | Gained mutation: You are frail. (-10% HP) [a neqoxec]
 22619 | Snake:2  | Lost mutation: You possess an exceptional clarity of mind.
                  | [a neqoxec]
 22787 | Snake:2  | Bought a pair of runed gloves for 277 gold pieces
 22807 | Snake:2  | Bought a scroll of magic mapping for 115 gold pieces
 23621 | Snake:3  | Reached skill level 10 in Dodging
 23776 | Snake:4  | Entered Level 4 of the Snake Pit
 23932 | Snake:4  | Found a runed translucent gate.
 23932 | Snake:4  | Found a runed translucent gate.
 23933 | Snake:4  | Found a runed translucent gate.
 23952 | Snake:4  | Noticed DungeonDestroyer's ghost (adept MiFi)
 24456 | Snake:4  | Reached skill level 10 in Invocations
 24652 | Snake:4  | Reached XP level 18. HP: 83/83 MP: 26/26
 24809 | Snake:4  | Got a serpentine rune of Zot
 25034 | Snake:4  | Reached skill level 10 in Fighting
 25474 | Snake:4  | Killed DungeonDestroyer's ghost
 25747 | D:10     | Bought the ring of the Mage {Wiz MR++ Int+3} for 878 gold
                  | pieces
 25747 | D:10     | Found the ring of the Mage {Wiz MR++ Int+3}
 25747 | D:10     | Bought an uncursed ring of protection from fire for 425
                  | gold pieces
 25747 | D:10     | Bought a +2 ring of protection for 170 gold pieces
 25945 | Orc:2    | Found Kotixaof's Distillery.
 25952 | Orc:2    | Found Yhet's Food Emporium.
 26177 | Orc:2    | Reached skill level 1 in Spellcasting
 26498 | Orc:2    | Found Toenan's Gadget Shop.
 26498 | Orc:2    | Found Onasyky's Antique Weapon Boutique.
 26498 | Orc:2    | Found a one-way gate leading to the halls of Pandemonium.
 26500 | Orc:2    | Gained mutation: Your body often deteriorates upon taking
                  | damage. [a neqoxec]
 26670 | Elf:1    | Entered Level 1 of the Elven Halls
 27373 | Elf:1    | Reached XP level 19. HP: 88/88 MP: 28/28
 27704 | Elf:1    | Identified the Almanac of Plaster Cramp
 27711 | Elf:1    | Identified Ts'ui Pên's Volume of Forking Paths
 27864 | Elf:1    | Identified Jution's Catalogue of Sand
 28417 | Elf:2    | Found a large runed translucent door.
 28417 | Elf:2    | Found a large runed translucent door.
 28455 | Elf:2    | Found a large runed translucent door.
 28455 | Elf:2    | Found a large runed translucent door.
 28667 | Elf:2    | Noticed Jorgrun
 28712 | Elf:2    | Killed Jorgrun
 28923 | Elf:2    | Reached skill level 15 in Shields
 29231 | Elf:3    | Entered Level 3 of the Elven Halls
 29751 | Elf:3    | Reached skill level 5 in Spellcasting
 30114 | Orc:2    | Bought a wand of digging (5) for 252 gold pieces
 30324 | Elf:3    | Noticed an Ice Fiend
 30598 | Elf:3    | Reached XP level 20. HP: 78/93 MP: 28/30
 30854 | Elf:3    | Identified the ring of Poisem Utwo {+Inv rF+ Int+3 Dex+4
                  | Slay-3}
 31281 | Elf:3    | Identified the +4 triple sword "Utemige" {venom, rElec MR++
                  | Str+4 Dex-5} (You found it on level 3 of the Elven Halls)
 31422 | Orc:2    | Bought a potion of might for 48 gold pieces
 31422 | Orc:2    | Bought a potion of agility for 48 gold pieces
 31422 | Orc:2    | Bought a potion of curing for 36 gold pieces
 31519 | D:11     | Noticed Urug
 31550 | D:11     | Killed Urug
 31621 | D:11     | Noticed Psyche
 31628 | D:11     | Killed Psyche
 32270 | D:12     | Found a gate leading to a gauntlet.
 32288 | Gauntlet | Entered a Gauntlet
 32288 | Gauntlet | Found a transporter.
 32288 | Gauntlet | Found a transporter.
 32288 | Gauntlet | Found a large runed translucent door.
 32288 | Gauntlet | Found a large runed translucent door.
 32288 | Gauntlet | Found a large runed translucent door.
 32288 | Gauntlet | Found a large runed translucent door.
 32288 | Gauntlet | Found a large runed translucent door.
 32288 | Gauntlet | Found a large runed translucent door.
 32288 | Gauntlet | Found a runed translucent door.
 32288 | Gauntlet | Found a runed translucent door.
 32288 | Gauntlet | Found a large runed translucent door.
 32288 | Gauntlet | Found a large runed translucent door.
 32288 | Gauntlet | Found a large runed translucent door.
 32288 | Gauntlet | Found a large runed translucent door.
 32288 | Gauntlet | Found a large runed translucent door.
 32288 | Gauntlet | Found a large runed translucent door.
 32292 | Gauntlet | Found a transporter.
 32292 | Gauntlet | Found a transporter.
 32301 | Gauntlet | Found a transporter.
 32326 | Gauntlet | Found a transporter.
 32330 | Gauntlet | Found a transporter.
 32330 | Gauntlet | Found a transporter.
 32333 | Gauntlet | Found a transporter.
 32339 | Gauntlet | Found a transporter.
 32345 | Gauntlet | Found a transporter.
 32376 | Gauntlet | Found a large runed translucent door.
 32377 | Gauntlet | Found a large runed translucent door.
 32379 | Gauntlet | Found a runed translucent gate.
 32380 | Gauntlet | Found a runed translucent gate.
 32381 | Gauntlet | Found a runed translucent gate.
 32381 | Gauntlet | Found a transporter.
 32393 | Gauntlet | Found a large runed translucent door.
 32394 | Gauntlet | Found a large runed translucent door.
 32420 | Gauntlet | Found a transporter.
 32435 | Gauntlet | Found a transporter.
 32535 | Gauntlet | Found a transporter.
 32557 | Gauntlet | Found a transporter.
 32706 | Gauntlet | Lost mutation: Your body often deteriorates upon taking
                  | damage. [potion of mutation]
 32706 | Gauntlet | Lost mutation: You are frail. (-10% HP) [potion of
                  | mutation]
 32706 | Gauntlet | Lost mutation: Your spells are a little easier to cast, but
                  | a little less powerful. [potion of mutation]
 32706 | Gauntlet | Lost mutation: Your body sometimes deteriorates upon taking
                  | damage. [potion of mutation]
 32706 | Gauntlet | Gained mutation: Your muscles are strong. (Str +2) [potion
                  | of mutation]
 32706 | Gauntlet | Gained mutation: You have a pair of small antennae on your
                  | head. [potion of mutation]
 32706 | Gauntlet | Gained mutation: You are frail. (-10% HP) [potion of
                  | mutation]
 32706 | Gauntlet | Gained mutation: You have sharp toenails. [potion of
                  | mutation]
 32851 | Gauntlet | Got a crude helmet
 32876 | Gauntlet | Identified the +1 crystal plate armour of Gestures {rElec
                  | MP+9 Int+7 SInv}
 33004 | Gauntlet | Identified the Reference Book on Quantum Contamination
 33011 | Gauntlet | Got an ancient hat
 33017 | Gauntlet | Identified the cursed +0 hat of Ytingoce {Str+2} (You found
                  | it in a Gauntlet)
 33033 | Gauntlet | Identified the +1 ring mail of Weightlessness {SInv} (You
                  | found it in a Gauntlet)
 33057 | Gauntlet | Identified the +0 helmet of the Eight Boll Weevils {Stlth+}
                  | (You found it in a Gauntlet)
 33335 | D:12     | Found a large runed translucent door.
 33338 | D:12     | Found a large runed translucent door.
 34008 | D:12     | Lost mutation: You are frail. (-10% HP) [potion of
                  | mutation]
 34008 | D:12     | Lost mutation: You have sharp toenails. [potion of
                  | mutation]
 34008 | D:12     | Lost mutation: Your muscles are strong. (Str +2) [potion of
                  | mutation]
 34008 | D:12     | Gained mutation: Your body sometimes deteriorates upon
                  | taking damage. [potion of mutation]
 34008 | D:12     | Gained mutation: Your flesh is cold resistant. (rC+)
                  | [potion of mutation]
 34008 | D:12     | Gained mutation: You have a somewhat thin skeletal
                  | structure. (Dex +2, Stealth) [potion of mutation]
 34008 | D:12     | Gained mutation: You are partially covered in yellow
                  | scales. (AC +2) [potion of mutation]
 34077 | D:12     | Found a burning altar of Makhleb.
 34088 | D:12     | Found a shimmering altar of Xom.
 34295 | D:13     | Noticed Azrael
 34314 | D:13     | Killed Azrael
 34906 | D:14     | Noticed Nessos
 34922 | D:14     | Killed Nessos
 34969 | D:14     | Noticed Roxanne
 35027 | D:14     | Killed Roxanne
 35050 | D:14     | Found a glowing golden altar of the Shining One.
 35253 | D:14     | Found a gate to the Vaults.
 35496 | Vaults:1 | Entered Level 1 of the Vaults
 35613 | Vaults:1 | Noticed a lich
 35652 | Vaults:1 | Killed a lich
 35653 | Vaults:1 | Reached XP level 21. HP: 109/109 MP: 33/33
 36270 | Vaults:2 | Noticed Mennas
 36497 | Vaults:2 | You fall through a shaft!
 36497 | Vaults:3 | Found the +9 heavy crossbow "Sniper" {velocity, Acc+∞ SInv}
 36591 | Vaults:3 | Learned a level 8 spell: Controlled Blink
 36827 | Vaults:3 | Found Penweaq's Armour Boutique.
 36863 | Vaults:3 | Found Wiptum's Antique Weapon Shoppe.
 36919 | Vaults:3 | Lost mutation: Your flesh is cold resistant. (rC+) [potion
                  | of mutation]
 36919 | Vaults:3 | Lost mutation: You are partially covered in yellow scales.
                  | (AC +2) [potion of mutation]
 36919 | Vaults:3 | Lost mutation: Your body sometimes deteriorates upon taking
                  | damage. [potion of mutation]
 36919 | Vaults:3 | Gained mutation: You are resistant to electric shocks.
                  | (rElec) [potion of mutation]
 36919 | Vaults:3 | Gained mutation: You have a moderately thin skeletal
                  | structure. (Dex +4, Stealth+) [potion of mutation]
 36919 | Vaults:3 | Gained mutation: You have large cloven feet. [potion of
                  | mutation]
 37051 | Vaults:3 | Found a staircase to the Crypt.
 37298 | Vaults:3 | Found Mimanumn's Distillery.
 37343 | Vaults:3 | Reached XP level 22. HP: 104/115 MP: 36/36
 38749 | Vaults:4 | Reached skill level 10 in Spellcasting
 40011 | D:15     | Entered Level 15 of the Dungeon
 40130 | D:15     | Found a staircase to the Depths.
 41132 | Crypt:1  | Entered Level 1 of the Crypt
 41922 | D:7      | Bought a scroll of enchant weapon for 180 gold pieces
 42111 | Snake:2  | Bought a scroll of enchant weapon for 112 gold pieces
 42343 | D:9      | Found Voukko's Armour Boutique.
 42771 | Crypt:1  | Found a transporter.
 42773 | Crypt:1  | Noticed Houmnergh's ghost (master GnTm)
 42775 | Crypt:1  | Found a transporter.
 42979 | Crypt:1  | Identified the ring of Contentment {*Tele +Fly rC+ Stlth+}
 43424 | Crypt:1  | Reached XP level 23. HP: 119/119 MP: 38/38
 43977 | Crypt:2  | Reached skill level 1 in Charms
 43988 | Crypt:2  | Reached skill level 1 in Necromancy
 44347 | Crypt:2  | Found a corrupted altar of Lugonu.
 44375 | Crypt:2  | Found a one-way gate to the infinite horrors of the Abyss.
 44590 | Crypt:3  | Entered Level 3 of the Crypt
 44622 | Crypt:3  | Found a basalt altar of Yredelemnul.
 44645 | Crypt:3  | Noticed Bai Suzhen
 44693 | Crypt:3  | Killed Bai Suzhen
 44993 | Crypt:3  | Found a staircase to the Tomb.
 45302 | Crypt:3  | Found a basalt altar of Yredelemnul.
 45873 | Crypt:3  | Reached XP level 24. HP: 124/124 MP: 39/39
 45899 | Crypt:3  | Found the +4 dagger "Morg" {pain, MR+ Int+5}
 45954 | Crypt:3  | Noticed an ancient lich
 45995 | Crypt:3  | Killed an ancient lich
 45995 | Crypt:3  | Reached skill level 15 in Invocations
 46021 | Crypt:3  | Identified the Handbook of Unholy Rituals
 46025 | Crypt:3  | Identified the Reference Book on the Glacier
 46045 | Crypt:3  | Identified a +2 pair of boots of running (You found it on
                  | level 3 of the Crypt)
 46425 | Depths:1 | Entered Level 1 of the Depths
 46509 | Depths:1 | Reached skill level 10 in Armour
 46576 | Depths:1 | Found a gateway to Hell.
 46642 | Depths:1 | Reached skill level 5 in Charms
 46796 | Depths:1 | Found a gateway to a bazaar.
 47189 | Depths:1 | Reached skill level 5 in Necromancy
 47560 | Depths:2 | Found a gateway to a ziggurat.
 47777 | Depths:2 | Paralysed by a floating eye for 2 turns
 48720 | Depths:2 | Identified the amulet "Meff" {Harm *Drain rPois MR+ SInv}
 48767 | Depths:2 | Paralysed by a floating eye for 2 turns
 48819 | Depths:2 | Reached XP level 25. HP: 99/130 MP: 40/40
 49184 | Depths:2 | Identified the +4 short sword "Humuxkodgh" {drain, rC+}
 49435 | Depths:2 | Reached skill level 21 in Stealth
 49461 | Depths:2 | Found a runed translucent door.
 49903 | Depths:3 | Noticed Margery
 49924 | Depths:3 | Killed Margery
 50473 | Vaults:3 | Bought the +12 Vampire's Tooth {vamp} for 2280 gold pieces
 50473 | Vaults:3 | Found the +12 Vampire's Tooth {vamp}
 50517 | Vaults:5 | Entered Level 5 of the Vaults
 50915 | Vaults:5 | Got a silver rune of Zot
 51382 | Vaults:5 | Identified the +2 large shield of Gravity {+Inv rElec
                  | Dex+6} (You found it on level 5 of the Vaults)
 51457 | Vaults:5 | Reached XP level 26. HP: 135/135 MP: 41/41
 51615 | Vaults:5 | Reached skill level 22 in Stealth
 51895 | Vaults:5 | Identified the +8 demon trident "Ixeppioc" {freeze, Int+3
                  | Stlth+}
 51906 | Vaults:5 | Found the amulet of the Air {Inacc +Fly rElec EV+5 RMsl}
 52845 | Vaults:5 | Found the +10 large shield of Ignorance {rN+ Int-4}
 52855 | Vaults:5 | Identified the amulet of Modesty {Faith +Fly rElec rN++
                  | Dex-3} (You found it on level 5 of the Vaults)
 52859 | Vaults:5 | Identified the Tome of Flamy Black Magic
 52869 | Vaults:5 | Identified Sif Muna's Reference Book on Talismans and
                  | Poison
 53262 | Hell     | Entered the Vestibule of Hell
 53262 | Hell     | Noticed Geryon
 53320 | Hell     | Slain by a hell knight

Skill      XL: |  1  2  3  4  5  6  7  8  9 10 11 12 13 14 15 16 17 18 19 20 21 22 23 24 25 26 |
---------------+-------------------------------------------------------------------------------+-----
Stealth        | 5 6 7 8 10 12 15 16 18 20 21 22 | 22.3
Short Blades   | 2 3 5 7 8 9 10 | 10.0
Throwing       | 2 3 |  3.8
Dodging        | 1 2 3 4 5 6 8 9 10 11 12 13 | 13.2
Fighting       | 2 3 4 5 6 7 8 9 10 11 12 13 | 13.0
Armour         | 1 2 3 5 6 7 8 9 10 | 10.4
Shields        | 1 3 5 7 10 12 14 15 16 18 19 20 21 | 21.6
Evocations     | 1 2 3 |  3.0
Invocations    | 4 6 8 10 11 12 13 14 15 16 | 16.3
Spellcasting   | 2 5 7 9 10 11 12 13 | 13.7
Charms         | 4 6 7 |  7.6
Necromancy     | 3 5 7 |  7.1
Hexes          | |  0.1

Action                   |  1- 3 |  4- 6 |  7- 9 | 10-12 | 13-15 | 16-18 | 19-21 | 22-24 | 25-27 || total
-------------------------+-------+-------+-------+-------+-------+-------+-------+-------+-------++-------
Melee: Dagger            |    64 |    94 |   283 |   615 |  1221 |  1687 |  1918 |  2493 |   525 ||  8900
       Bite              |    14 |    19 |    85 |   216 |   557 |   817 |   873 |  1590 |   824 ||  4995
       Quick blade       |       |       |       |       |       |       |       |       |   736 ||   736
Throw: Javelin           |     3 |     2 |     2 |     3 |     1 |       |       |     1 |       ||    12
       Throwing net      |       |       |     3 |       |       |       |       |       |       ||     3
       Tomahawk          |       |       |     3 |       |       |       |       |       |       ||     3
 Cast: Regeneration      |       |       |       |       |       |       |       |       |     3 ||     3
Invok: Line Pass         |       |       |       |       |       |     5 |     1 |       |       ||     6
 Abil: Evoke Berserk Rag |       |       |       |     1 |       |       |       |       |       ||     1
Evoke: Wand              |       |       |       |    12 |    19 |    10 |    17 |       |       ||    58
       Phial of floods   |       |       |       |       |       |       |     1 |       |       ||     1
  Use: Scroll            |       |     7 |     8 |     7 |    18 |     7 |    13 |    21 |     8 ||    89
       Potion            |       |       |       |     1 |     5 |     3 |     3 |       |     1 ||    13
 Stab: Sleeping          |     5 |    15 |    16 |    41 |    55 |    23 |    89 |   111 |    23 ||   378
       Paralysed         |       |       |    11 |    25 |    65 |   119 |   113 |   171 |    68 ||   572
       Distracted        |       |       |     1 |     1 |    10 |    14 |     5 |    16 |     9 ||    56
       Confused          |       |       |       |       |     2 |     2 |     1 |       |       ||     5
       Invisible         |       |       |       |       |       |     3 |       |       |       ||     3
  Eat: Chunk             |       |     4 |     7 |    14 |    15 |     4 |     6 |    17 |    11 ||    78
       Ration            |       |     2 |       |     3 |     3 |     6 |     8 |     6 |     4 ||    32
Armor: Robe              |     4 |       |       |       |       |       |       |       |       ||     4
       Ring mail         |    18 |    17 |    99 |    29 |       |       |       |       |       ||   163
       Troll leather arm |       |       |       |    62 |    57 |       |       |       |       ||   119
       Leather armour    |       |       |       |       |   173 |   104 |       |       |       ||   277
       Fire dragon scale |       |       |       |       |       |    59 |    72 |       |    16 ||   147
       Pearl dragon scal |       |       |       |       |       |       |    49 |   217 |    56 ||   322
Dodge: Dodged            |    30 |    36 |   134 |   236 |   561 |   358 |   186 |   436 |   157 ||  2134
       Deflected         |       |       |       |       |       |     5 |    16 |    11 |    11 ||    43
Block: Buckler           |       |       |     2 |    69 |   169 |       |       |       |       ||   240
       Large shield      |       |       |       |       |   346 |  1524 |  1358 |  2341 |   775 ||  6344
